Nig, lawful male human Monk --------------------- --...................-- ------ ------ |...-----.------..--..---- |....-- -....--- |*.a- ....|.-- --.....| |.......| --.@. ...)....| |..-------.......| ---. ...........| |..| -.%....-- .......|....-- |..-----.)...^.| ....------..| |.............-- -...-- ---- |...------..--- --...| ---.|.--- --.| |..|.| |...|...| |.--- ---|.| --.-----.-----.--- |....-- |.| ..|....[.*.| |...-----...| |.| -......((--- ---....||...| |.| --......-- |.....------ |.------...--- |......-- |.%.|...... --.......| ----....---- |..<.....| |....|.- --......-- --..---- ---.|.-- --- --- Nig the Initiate Experience level: 7 Strength: 18 Dexterity: 12 Constitution: 13 Intelligence: 11 Wisdom: 18 Charisma: 9 Health: 0(48) Energy: 33(33) Def: 3 Gold: 3 Moves: 2144 Dungeon seed: LGhLI984W1U1Na12 Game ID: Nig_1554745752 Your Inventory: Coins $ - 3 gold pieces Weapons p - a +1 dwarvish spear Armor e - a blessed +2 pair of leather gloves n - an uncursed +1 robe (being worn) q - an uncursed +0 pair of kicking boots Comestibles d - 6 uncursed food rations f - 2 uncursed apples g - 5 uncursed oranges h - 4 uncursed fortune cookies Scrolls b - an uncursed scroll of identify l - an uncursed scroll of remove curse Spellbooks a - a blessed spellbook of healing j - an uncursed spellbook of create familiar Potions c - 2 uncursed potions of healing k - a blessed potion of booze o - an uncursed potion of restore ability w - an uncursed potion of oil Rings u - an uncursed +2 ring of gain constitution (on left hand) Tools i - a magic marker (0:84) m - an uncursed mirror v - an uncursed oil lamp (0:1116) x - a magic marker (0:95) Spells and supernatural/magical abilities: Name Level Category Fail Memory h - healing 1 healing 0% 90% A - create familiar 6 clerical 88% 90% W - pray for help -- divine ? -- Your skills at the end: Fighting Skills martial arts [Basic] Weapon Skills Spellcasting Skills healing spells [Basic] Final Attributes: You were piously aligned. You were sleep resistant. You were poison resistant. You saw invisible. You were warned. You were stealthy. You were fast. You are dead. Vanquished creatures: an elf mummy a giant beetle a giant spider a gnome king an orc mummy a dust vortex a water nymph 8 gnome lords 4 gnomish wizards a kobold mummy 4 dwarves 38 gnomes 3 jackals a fox a kobold a goblin 2 sewer rats 3 grid bugs 2 lichens 3 newts 78 creatures vanquished. Voluntary challenges: You followed a strict vegan diet. You never hit with a wielded weapon. You read items or engraved 42 times, starting on turn 42. You never genocided any monsters. You never polymorphed an object. You never changed form. You used no wishes. You never split a pudding. You never wrote Elbereth's name. You violated your moral code, losing 26 points of alignment, starting on turn 787. Dungeon overview: The Dungeons of Doom: levels 1 to 2 Level 1 a long staircase Level 2 a general store stairs to The Gnomish Mines The Gnomish Mines: levels 3 to 8 Level 3 stairs to The Dungeons of Doom Level 4 Level 5 Level 6 some shops, a temple to Chih Sung-tzu, some fountains Level 7 Level 8 <- You were here History has recorded: On T:1 you entered the Dungeons of Doom to retrieve the Amulet of Yendor! On T:289 you reached level 2 of The Dungeons of Doom. On T:477 you advanced to experience level 2. On T:536 you reached level 1 of The Gnomish Mines. On T:544 you advanced to experience level 3. On T:641 you advanced to experience level 4. On T:848 you reached level 2 of The Gnomish Mines. On T:862 you advanced to experience level 5. On T:988 you reached level 3 of The Gnomish Mines. On T:1446 you advanced to experience level 6. On T:1548 you reached level 4 of The Gnomish Mines. On T:1707 you reached level 5 of The Gnomish Mines. On T:1869 you reached level 6 of The Gnomish Mines. On T:2018 you advanced to experience level 7. Score breakdown: Gold: 3 ( 2048 points) Experience: 7 levels (13645 points) Exploration: 8 levels ( 16.33%) (11456 points) Discoveries: 7 items ( 2.50%) ( 4743 points) Valuables value: (no points given unless you survive) Artifact value: 0 ( 0 points) Variety of kills: 20 monsters ( 5.25%) ( 6873 points) Turncount: 2144 turns ( -103 points) Survival: died (score multiplied by 80%) Total score: 30929 Latest messages: You hit the giant beetle. You hit the giant beetle! (2x) The giant beetle bites! You kill the giant beetle! The gnome staggers from your powerful strike! You kill the gnome! There are a few objects here. d - an uncursed food ration. Click! You trigger a rolling boulder trap! Fortunately for you, no boulder was released. The gnome wields a thonged club! You kill the gnome! You see here 9 rocks. The soldier ant bites! The soldier ant stings! The soldier ant bites! The soldier ant stings! You miss the soldier ant. The soldier ant bites! The soldier ant stings! You die... Final status: Goodbye Nig the Monk, killed by a soldier ant... You died in The Gnomish Mines on dungeon level 8 with 30929 points, and 3 pieces of gold, after 2144 moves. You were level 7 with a maximum of 48 hit points when you died.